 Dungeon Crawl Stone Soup version 0.30-a0-1161-g0704695555 (webtiles) character file.

Game seed: 15432372485592477136

272 NateTC the Chopper (level 6, -6/51 HPs)
             Began as a Formicid Fighter on Apr 27, 2023.
             Killed by divine providence
             ... invoked by an orc priest
              (12 damage)
             ... on level 4 of the Dungeon.
             The game lasted 00:06:42 (2519 turns).

NateTC the Chopper (Formicid Fighter)               Turns: 2519, Time: 00:06:42

Health: -6/51      AC:  9    Str: 22    XL:     6   Next: 48%
Magic:  6/6        EV:  8    Int:  8    God:
Gold:   106        SH:  5    Dex: 13    Spells: 5/5 levels left

rFire   . . .        e - +2 battleaxe (vamp)
rCold   . . .        c - +0 buckler
rNeg    . . .        l - +0 chain mail
rPois   .            (helmet unavailable)
rElec   .            (no cloak)
rCorr   .            (no gloves)
SInv    +            (no boots)
Will    .....        (no amulet) Stlth
                     (no ring)
HPRegen 0.28/turn    (no ring)
MPRegen 0.10/turn

%: no passive effects
@: no status effects
A: permanent stasis, dig shafts and tunnels, antennae 3, four strong arms
a: Dig, Shaft Self


You were on level 4 of the Dungeon.
You visited 1 branch of the dungeon, and saw 4 of its levels.

You collected 106 gold pieces.

Inventory:

Hand Weapons
 e - a +2 vampiric battleaxe (weapon)
Armour
 b - a +0 scale mail
 c - a +0 buckler (worn)
 l - a +0 chain mail (worn)
Wands
 d - a wand of flame (42)
Scrolls
 f - a scroll of identify
 k - a scroll of fear
Potions
 a - a potion of invisibility
 g - a potion of heal wounds {unknown}
 h - a potion of cancellation
 j - a potion of brilliance


   Skills:
 + Level 5.1 Fighting
 * Level 5.2 Axes
 - Level 3.2 Armour
 - Level 4.0 Shields


You had 5 spell levels left.
You didn't know any spells.
Your spell library contained the following spells:

 Spells                   Type           Power      Damage    Failure   Level
 Kiss of Death            Conj/Necr      0%         2d5       98%         1
 Shock                    Conj/Air       0%         1d3       98%         1
 Confusing Touch          Hex            0%         N/A       100%        3
 Airstrike                Air            0%         2d(0-16)  100%        4
 Dispel Undead            Necr           0%         3d6       100%        4
 Swiftness                Air            Unusable   N/A       N/A         3

Dungeon Overview and Level Annotations

Branches:
Dungeon (4/15) Zot: 21383
 Temple: D:4-7

Altars:
Gozag
Nemelex Xobeh
Vehumet


Innate Abilities, Weirdness & Mutations

You cannot be hasted, slowed, berserked, paralysed or teleported.
You can dig through walls and to a lower floor.
You have a pair of large antennae on your head. (SInv)
Your four strong arms can wield two-handed weapons with a shield.


Message History

Beogh smites you!
You slash the orc!
You feel better.
You kill the orc!
The orc priest hits you but does no damage.
You barely miss the orc priest.
An orc comes into view. It is wielding a +0 club.
The orc priest closely misses you.
The orc shouts!
You slash the orc priest!
You feel better.
The orc priest is severely wounded.
The orc priest miscasts a cantrip.
You hit the orc priest.
You feel better.
The orc priest is almost dead.
The orc priest looks braver for a moment.
The orc priest barely misses you.
You hit the orc priest but do no damage.
The orc priest is almost dead.
The orc priest mumbles some strange prayers to Beogh against you.
Pain shoots through your body!
The orc priest invokes the aid of Beogh against you.
Beogh smites you!
You closely miss the orc priest.
The orc priest is almost dead.
The orc priest hits you with a +0 hand axe.
The orc priest calls upon Beogh to heal the orc priest.
The orc priest is healed somewhat.
The orc priest invokes the aid of Beogh against you.
Pain shoots through your body!
You closely miss the orc priest.
The orc priest is heavily wounded.
The orc priest hits you but does no damage.
You hit the orc priest.
You feel better.
The orc priest is almost dead.
The orc priest hits you but does no damage.
The orc priest calls down the wrath of Beogh upon you.
Beogh smites you!
* * * LOW HITPOINT WARNING * * *
The orc priest calls down the wrath of Beogh upon you.
Beogh smites you!
You die...

### #.. #.# #.# #.#
#.#
############.#####.#
#.............@ooo.#
#.##########.#####....
#.# #.# # #.#
######.## ##.##
#......).
#...####......##
#...............
#....>..........
##..####..#####


You could see 2 orc priests and an orc.

Vanquished Creatures
  An ogre (D:4)
  Jessica (D:3)
  Ijyb (D:4)
  5 adders
  2 worms (D:3)
  2 dart slugs
  6 orcs
  5 endoplasms
  11 giant cockroaches
  4 goblins
  6 hobgoblins
  4 jackals (D:3)
  7 kobolds
  2 quokkas
  7 ball pythons
  6 bats
  3 frilled lizards
  4 rats
77 creatures vanquished.

Notes
Turn   | Place    | Note
-------+----------+-------------------------------------------
     0 | D:1      | NateTC the Formicid Fighter began the quest for the Orb.
     0 | D:1      | Reached XP level 1. HP: 18/18 MP: 1/1
   177 | D:1      | Reached XP level 2. HP: 21/24 MP: 2/2
   385 | D:1      | Identified a scroll of acquirement
   385 | D:1      | Acquired a +2 vampiric battleaxe
   619 | D:2      | Reached XP level 3. HP: 30/30 MP: 3/3
   801 | D:2      | Reached XP level 4. HP: 37/37 MP: 4/4
   887 | D:2      | Identified the +2 helmet "Niecw" {MP+9}
  1467 | D:3      | Reached XP level 5. HP: 43/43 MP: 5/5
  1527 | D:3      | Found a faded altar of an unknown god.
  1801 | D:3      | Found an opulent altar of Gozag.
  1801 | D:3      | Found a sparkling altar of Nemelex Xobeh.
  1801 | D:3      | Noticed Jessica
  1803 | D:3      | Killed Jessica
  2202 | D:3      | Upgraded the game from 0.30-a0-1160-g6e42c06551 to
                  | 0.30-a0-1161-g0704695555
  2361 | D:4      | Noticed an ogre
  2372 | D:4      | Killed an ogre
  2373 | D:4      | Reached skill level 5 in Fighting
  2373 | D:4      | Reached skill level 5 in Axes
  2373 | D:4      | Reached XP level 6. HP: 29/51 MP: 6/6
  2437 | D:4      | Found a radiant altar of Vehumet.
  2461 | D:4      | Noticed Ijyb
  2468 | D:4      | Killed Ijyb
  2519 | D:4      | Killed from afar by an orc priest

Illustrated notes

Levels and vault maps discovered:
D:1:      mushboom_english_gardens, layout_rooms
D:2:      layout_loops_ring
D:3:      minmay_roachtagon, layout_basic, grunt_temple_overflow_opulence,
          shapermc_ecumenical_altar_totnotflames,
          chequers_serial_rivers_small_a, st_stairs_2, uniq_jessica
D:4:      layout_loops_ring, mainiacjoe_overflow_two_lobes,
          vehumet_altar_wand_db, minmay_temple_entry_waves,
          minmay_shop_grid_forest, corner_web_ring, uniq_ijyb

Skill      XL: |  1  2  3  4  5 |
---------------+----------------+-----
Fighting       | 4 5 |  5.1
Axes           | 3 5 |  5.2
Armour         | |  3.2
Shields        | |  4.0

Action                     |  1- 3 |  4- 6 || total
---------------------------+-------+-------++-------
  Melee: War axe           |    25 |       ||    25
         Battleaxe         |    23 |   133 ||   156
    Use: Scroll            |     6 |     6 ||    12
         Potion            |       |     1 ||     1
 Armour: Scale mail        |    26 |    52 ||    78
         Chain mail        |       |    11 ||    11
  Dodge: Dodged            |    26 |    75 ||   101
  Block: Buckler           |    13 |    32 ||    45

Table legend: (Time is in decaauts)
 A = Elapsed time spent in this place.
 B = Non-inter-level travel time spent in this place.
 C = Inter-level travel time spent in this place.
 D = Time resting spent in this place.
 E = Time spent auto-exploring this place.
 F = Levels seen in this place.
 G = Mean time per level.
                   A        B        C        D        E       F      G
               +--------+--------+--------+--------+--------+-----+--------+
         Total |   2614 |   2434 |    180 |    304 |   1478 |   4 |  653.5 |
       Dungeon |   2614 |   2434 |    180 |    304 |   1478 |   4 |  653.5 |
               +--------+--------+--------+--------+--------+-----+--------+

Top non-repeatable levels by time:
     D:3: 1219 daAuts
     D:2: 648 daAuts
     D:1: 572 daAuts
     D:4: 174 daAuts
